PCL
GRESHAM GOLD SOULS @ SPOKANE TRAPPERS
09/10/2028
 
TOP OF THE 1ST
Gresham Gold Souls batting - Pitching for Spokane Trappers : RHP Júlio Quintana
Pitching: RHP Júlio Quintana
Batting: SHB Jesús Sosa 0-0: Called Strike
0-1: Called Strike
0-2: Strikes out swinging
Batting: RHB Jim Villiers 0-0: Ground out 6-3 (Groundball, 6)
Batting: LHB Chance Santry 0-0: Ball
1-0: Foul Ball, location: 2F
1-1: Fly out, F8 (Flyball, 8LS)
Top of the 1st over - 0 run(s), 0 hit(s), 0 error(s), 0 left on base; Gresham 0 - Spokane 0
BOTTOM OF THE 1ST
Spokane Trappers batting - Pitching for Gresham Gold Souls : RHP David Green
Pitching: RHP David Green
Batting: RHB Octávio Zúńiga 0-0: Called Strike
0-1: Foul Ball, location: 2F
0-2: Foul Ball, location: 2F
0-2: SINGLE (Groundball, 56D)
Batting: RHB Tony Hernández 0-0: Ball
1-0: Ball
2-0: Foul Ball, location: 2F
2-1: Foul Ball, location: 2F
2-2: Ball
3-2: Foul Ball, location: 2F
3-2: Strikes out swinging
Batting: RHB Toru Nakanishi 0-0: Ball
1-0: Ball
2-0: Called Strike
2-1: Foul Ball, location: 2F
2-2: Strikes out swinging
Batting: RHB Enrique Soto 0-0: Called Strike
0-1: Ball
1-1: Ball
2-1: Foul Ball, location: 2F
2-2: Fly out, F8 (Flyball, 8RD)
Bottom of the 1st over - 0 run(s), 1 hit(s), 0 error(s), 1 left on base; Gresham 0 - Spokane 0
TOP OF THE 2ND
Gresham Gold Souls batting - Pitching for Spokane Trappers : RHP Júlio Quintana
Batting: LHB Nick Scott 0-0: Called Strike
0-1: Foul Ball, location: 2F
0-2: Foul Ball, location: 2F
0-2: Ball
1-2: Strikes out swinging
Batting: RHB Mario Méndez 0-0: Fly out, F6 (Line Drive, 6D)
Batting: RHB Willie Houk 0-0: Ball
1-0: SINGLE (Groundball, 56D)
Batting: RHB Matt Davidson 0-0: Ball
1-0: Called Strike
1-1: Ball
2-1: Foul Ball, location: 2F
2-2: Strikes out swinging
Top of the 2nd over - 0 run(s), 1 hit(s), 0 error(s), 1 left on base; Gresham 0 - Spokane 0
BOTTOM OF THE 2ND
Spokane Trappers batting - Pitching for Gresham Gold Souls : RHP David Green
Batting: RHB Enrico Rodríguez 0-0: Ball
1-0: Called Strike
1-1: SINGLE (Line Drive, 4MD)
Batting: RHB Enrique Mendoza 0-0: Foul Ball, location: 2F
0-1: SINGLE (Groundball, 56D)
Enrico Rodríguez to second
Batting: RHB Clyde Kelley 0-0: SINGLE (Groundball, 56D)
Enrico Rodríguez to third
Enrique Mendoza to second
Runner from 3rd tries for Home, SAFE, no throw
Batting: RHB António Martínez 0-0: Called Strike
0-1: Called Strike
0-2: Ball
1-2: DOUBLE (Flyball, 78XD)
Enrique Mendoza scores
Clyde Kelley to third
Batting: LHB Pedro Camacho 0-0: Called Strike
0-1: Foul Ball, location: 2F
0-2: Ball
1-2: Strikes out swinging
Batting: RHB Octávio Zúńiga 0-0: Called Strike
0-1: Foul Ball, location: 2F
0-2: Ball
1-2: Ball
2-2: Strikes out swinging
Batting: RHB Tony Hernández 0-0: Fly out, F7 (Flyball, 7LM)
Bottom of the 2nd over - 2 run(s), 4 hit(s), 0 error(s), 2 left on base; Gresham 0 - Spokane 2
TOP OF THE 3RD
Gresham Gold Souls batting - Pitching for Spokane Trappers : RHP Júlio Quintana
Batting: LHB Ezechiele Bruno 0-0: Foul Ball, location: 2F
0-1: Swinging Strike
0-2: Ball
1-2: Strikes out swinging
Batting: RHB David Kerr 0-0: Called Strike
0-1: Ball
1-1: Fly out, F9 (Flyball, 9)
Batting: SHB Jesús Sosa 0-0: Ball
1-0: Ball
2-0: Called Strike
2-1: Foul Ball, location: 2F
2-2: Foul Ball, location: 2F
2-2: Fly out, F7 (Line Drive, 78M)
Top of the 3rd over - 0 run(s), 0 hit(s), 0 error(s), 0 left on base; Gresham 0 - Spokane 2
BOTTOM OF THE 3RD
Spokane Trappers batting - Pitching for Gresham Gold Souls : RHP David Green
Batting: RHB Toru Nakanishi 0-0: Ball
1-0: Ball
2-0: Foul Ball, location: 2F
2-1: Swinging Strike
2-2: Ball
3-2: Foul Ball, location: 2F
3-2: Strikes out swinging
Batting: RHB Enrique Soto 0-0: Ball
1-0: Ball
2-0: Foul Ball, location: 2F
2-1: Ball
3-1: Called Strike
3-2: Ground out 6-3 (Groundball, 6)
Batting: RHB Enrico Rodríguez 0-0: Foul Ball, location: 2F
0-1: Ball
1-1: Ball
2-1: Ball
3-1: Foul Ball, location: 2F
3-2: SINGLE (Groundball, 6MD)
Batting: RHB Enrique Mendoza 0-0: Ball
1-0: Ball
2-0: Ball
3-0: Base on Balls
Enrico Rodríguez to second
Batting: RHB Clyde Kelley 0-0: Ball
1-0: Swinging Strike
1-1: Fly out, F5 (Line Drive, 56)
Bottom of the 3rd over - 0 run(s), 1 hit(s), 0 error(s), 2 left on base; Gresham 0 - Spokane 2
TOP OF THE 4TH
Gresham Gold Souls batting - Pitching for Spokane Trappers : RHP Júlio Quintana
Batting: RHB Jim Villiers 0-0: Ball
1-0: Swinging Strike
1-1: Ball
2-1: Foul Ball, location: 2F
2-2: Ball
3-2: Foul Ball, location: 2F
3-2: Foul Ball, location: 2F
3-2: Ground out 6-3 (Groundball, 6)
Batting: LHB Chance Santry 0-0: Ball
1-0: Swinging Strike
1-1: Swinging Strike
1-2: Ball
2-2: Ball
3-2: Fly out, F9 (Flyball, 9LMF)
Batting: LHB Nick Scott 0-0: Ball
1-0: Ball
2-0: Foul Ball, location: 2F
2-1: Ground out U3 (Groundball, 34)
Top of the 4th over - 0 run(s), 0 hit(s), 0 error(s), 0 left on base; Gresham 0 - Spokane 2
BOTTOM OF THE 4TH
Spokane Trappers batting - Pitching for Gresham Gold Souls : RHP David Green
Batting: RHB António Martínez 0-0: Foul Ball, location: 2F
0-1: Called Strike
0-2: Ball
1-2: Foul Ball, location: 2F
1-2: Ball
2-2: Ball
3-2: Base on Balls
Batting: LHB Pedro Camacho 0-0: Swinging Strike
0-1: Ball
1-1: Foul Ball, location: 2F
1-2: Ball
2-2: Ball
3-2: Reached on error, E4 (Groundball, 4)
António Martínez to second
Batting: RHB Octávio Zúńiga 0-0: Ball
1-0: Ball
Wild Pitch!
António Martínez to third
Pedro Camacho to second
2-0: Ball
3-0: Called Strike
3-1: Base on Balls
Batting: RHB Tony Hernández 0-0: Ball
1-0: Swinging Strike
1-1: Foul Ball, location: 2F
1-2: Ball
2-2: Fielders Choice at 2nd, 3-6 (Groundball, 34)
António Martínez scores
Pedro Camacho to third
Batting: RHB Toru Nakanishi 0-0: Ball
1-0: Ball
2-0: Called Strike
2-1: Called Strike
2-2: Foul Ball, location: 2F
2-2: Foul Ball, location: 2F
2-2: DOUBLE (Line Drive, 8RD)
Pedro Camacho scores
Tony Hernández to third
Runner from 3rd tries for Home, SAFE, no throw
Batting: RHB Enrique Soto 0-0: Called Strike
0-1: Ball
1-1: Ball
2-1: Fly out, F3 (Popup, 3)
Pitching: RHP Jeff Hansen
Batting: RHB Enrico Rodríguez 0-0: Foul Ball, location: 2F
0-1: Fly out, F5 (Line Drive, 56)
Bottom of the 4th over - 3 run(s), 1 hit(s), 1 error(s), 1 left on base; Gresham 0 - Spokane 5
TOP OF THE 5TH
Gresham Gold Souls batting - Pitching for Spokane Trappers : RHP Júlio Quintana
Batting: RHB Mario Méndez 0-0: Ball
1-0: Called Strike
1-1: Ground out 1-3 (Groundball, 15S)
Batting: RHB Willie Houk 0-0: Foul Ball, location: 2F
0-1: Fly out, F8 (Flyball, 89D)
Batting: RHB Matt Davidson 0-0: Ball
1-0: Swinging Strike
1-1: Ball
2-1: Called Strike
2-2: Fly out, F7 (Flyball, 7D)
Top of the 5th over - 0 run(s), 0 hit(s), 0 error(s), 0 left on base; Gresham 0 - Spokane 5
BOTTOM OF THE 5TH
Spokane Trappers batting - Pitching for Gresham Gold Souls : RHP Jeff Hansen
Batting: RHB Enrique Mendoza 0-0: Ball
1-0: SINGLE (Groundball, 56D)
Batting: RHB Clyde Kelley 0-0: Ball
1-0: Called Strike
1-1: Called Strike
1-2: Fielders Choice at 2nd, 5-4 (Groundball, 56)
Batting: RHB António Martínez 0-0: Ball
Clyde Kelley steals 2nd base
1-0: Called Strike
Clyde Kelley is caught stealing 3rd base
1-1: SINGLE (Line Drive, 6D)
Batting: LHB Pedro Camacho 0-0: Called Strike
0-1: Called Strike
0-2: Foul Ball, location: 2F
0-2: Ball
1-2: Strikes out swinging
Bottom of the 5th over - 0 run(s), 2 hit(s), 0 error(s), 1 left on base; Gresham 0 - Spokane 5
TOP OF THE 6TH
Gresham Gold Souls batting - Pitching for Spokane Trappers : RHP Júlio Quintana
Batting: LHB Ezechiele Bruno 0-0: Called Strike
0-1: SOLO HOME RUN (Flyball, 9LD), Distance : 352 ft
Batting: RHB David Kerr 0-0: Fly out, F9 (Flyball, 9S)
Batting: SHB Jesús Sosa 0-0: Foul Ball, location: 2F
0-1: Ball
1-1: Called Strike
1-2: Ground out 6-3 (Groundball, 6)
Batting: RHB Jim Villiers 0-0: SOLO HOME RUN (Flyball, 9LD), Distance : 353 ft
Batting: LHB Chance Santry 0-0: Swinging Strike
0-1: Ball
1-1: Swinging Strike
1-2: Ball
2-2: Strikes out swinging
Top of the 6th over - 2 run(s), 2 hit(s), 0 error(s), 0 left on base; Gresham 2 - Spokane 5
BOTTOM OF THE 6TH
Spokane Trappers batting - Pitching for Gresham Gold Souls : RHP Jeff Hansen
Batting: RHB Octávio Zúńiga 0-0: Called Strike
0-1: Hit by Pitch
Batting: RHB Tony Hernández 0-0: Ball
1-0: Called Strike
1-1: SINGLE (Groundball, 56D)
Octávio Zúńiga to second
Batting: RHB Toru Nakanishi 0-0: Fly out, F8 (Flyball, 8RS)
Batting: RHB Enrique Soto 0-0: Called Strike
Octávio Zúńiga is caught stealing 3rd base
Tony Hernández to second
0-1: Called Strike
0-2: Ball
1-2: Ball
2-2: Foul Ball, location: 2F
2-2: Foul Ball, location: 2F
2-2: Strikes out looking
Bottom of the 6th over - 0 run(s), 1 hit(s), 0 error(s), 1 left on base; Gresham 2 - Spokane 5
TOP OF THE 7TH
Gresham Gold Souls batting - Pitching for Spokane Trappers : RHP Júlio Quintana
Batting: LHB Nick Scott 0-0: Called Strike
0-1: Foul Ball, location: 2F
0-2: Foul Ball, location: 2F
0-2: Ball
1-2: Ball
2-2: Ball
3-2: Fly out, F8 (Flyball, 78XD)
Batting: RHB Mario Méndez 0-0: Ball
1-0: Called Strike
1-1: Foul Ball, location: 2F
1-2: Ball
2-2: Foul Ball, location: 2F
2-2: Strikes out swinging
Batting: RHB Willie Houk 0-0: Ball
1-0: Called Strike
1-1: Ball
2-1: Swinging Strike
2-2: Ball
3-2: Strikes out looking
Top of the 7th over - 0 run(s), 0 hit(s), 0 error(s), 0 left on base; Gresham 2 - Spokane 5
BOTTOM OF THE 7TH
Spokane Trappers batting - Pitching for Gresham Gold Souls : RHP Jeff Hansen
Batting: RHB Enrico Rodríguez 0-0: Foul Ball, location: 2F
0-1: Ball
1-1: Ball
2-1: Fly out, F9 (Flyball, 9)
Batting: RHB Enrique Mendoza 0-0: Foul Ball, location: 2F
0-1: SINGLE (Groundball, 34D)
Batting: RHB Clyde Kelley 0-0: Called Strike
0-1: Ball
1-1: Swinging Strike
1-2: Strikes out swinging
Batting: RHB António Martínez 0-0: Called Strike
0-1: Ball
1-1: Called Strike
Enrique Mendoza is caught stealing 2nd base
Bottom of the 7th over - 0 run(s), 1 hit(s), 0 error(s), 0 left on base; Gresham 2 - Spokane 5
TOP OF THE 8TH
Gresham Gold Souls batting - Pitching for Spokane Trappers : RHP Júlio Quintana
Pitching: RHP Ching-wei Zi
Batting: RHB Matt Davidson 0-0: Swinging Strike
0-1: Ball
1-1: Fly out, F8 (Line Drive, 8LD)
Batting: LHB Ezechiele Bruno 0-0: Foul Ball, location: 2F
0-1: Ball
1-1: Swinging Strike
1-2: Ground out 6-3 (Groundball, 6)
Batting: RHB David Kerr 0-0: Ball
1-0: DOUBLE (Line Drive, 7LM)
Pitching: LHP Júlio Hernández
Batting: SHB Jesús Sosa 0-0: Ball
1-0: Ball
2-0: Called Strike
2-1: Ground out 1-3 (Groundball, P)
Top of the 8th over - 0 run(s), 1 hit(s), 0 error(s), 1 left on base; Gresham 2 - Spokane 5
BOTTOM OF THE 8TH
Spokane Trappers batting - Pitching for Gresham Gold Souls : RHP Jeff Hansen
Batting: RHB António Martínez 0-0: Ball
1-0: Ground out 1-3 (Groundball, 15)
Batting: LHB Pedro Camacho 0-0: Foul Ball, location: 2F
0-1: Swinging Strike
0-2: Ball
1-2: Strikes out swinging
Batting: RHB Octávio Zúńiga 0-0: Called Strike
0-1: Ground out 6-3 (Groundball, 6)
Bottom of the 8th over - 0 run(s), 0 hit(s), 0 error(s), 0 left on base; Gresham 2 - Spokane 5
TOP OF THE 9TH
Gresham Gold Souls batting - Pitching for Spokane Trappers : LHP Júlio Hernández
Pitching: LHP Steve Paredes
Batting: RHB Jim Villiers 0-0: Called Strike
0-1: Called Strike
0-2: Foul Ball, location: 2F
0-2: Ground out 6-3 (Groundball, 6)
Batting: LHB Chance Santry 0-0: Ground out 4-3 (Groundball, 34)
Batting: LHB Nick Scott 0-0: Ground out 1-3 (Groundball, 13S)
Top of the 9th over - 0 run(s), 0 hit(s), 0 error(s), 0 left on base; Gresham 2 - Spokane 5
Tuesday, August 8th, 2017 - OOTP Baseball 17.12 Build 75